 Dungeon Crawl Stone Soup version 0.31-a0-167-g1c394c0614 (webtiles) character file.

Game seed: 3259158679611491742

830 qw the Chopper (level 7, -6/43 HPs)
             Began as a Gargoyle Fighter on June 14, 2023.
             Mangled by Prince Ribbit (12 damage)
             ... on level 5 of the Dungeon.
             The game lasted 00:02:03 (4016 turns).

qw the Chopper (Gargoyle Fighter)                   Turns: 4016, Time: 00:02:03

Health: -6/43      AC: 15    Str: 21    XL:     7   Next: 97%
Magic:  7/7        EV:  8    Int:  9    God:
Gold:   124        SH:  4    Dex:  9    Spells: 6/6 levels left

rFire   . . .        Y - +0 war axe
rCold   . . .        c - +0 buckler
rNeg    + + .        m - +0 chain mail
rPois   inf          e - +0 helmet
rElec   +            (no cloak)
rCorr   .            (no gloves)
SInv    .            (no boots)
Will    .....        (no amulet) Stlth
                     g - ring of positive energy
HPRegen 0.27/turn    (no ring)
MPRegen 0.10/turn

%: no passive effects
@: about to teleport
A: sickness immunity, AC +4, negative energy resistance 1, electricity
resistance, torment resistance 1, petrification resistance
a: no special abilities


You were on level 5 of the Dungeon.
You visited 1 branch of the dungeon, and saw 5 of its levels.

You collected 124 gold pieces.


Innate Abilities, Weirdness & Mutations

You are immune to sickness and miasma.
Your stone body is resilient. (AC +4)
You are immune to poison.
You resist negative energy. (rN+)
You are resistant to electric shocks. (rElec)
You are resistant to unholy torment.
You are immune to petrification.


   Skills:
 + Level 4.0 Fighting
 - Level 7.3 Axes
 - Level 2.2 Throwing
 - Level 3.2 Armour
 - Level 1.0 Dodging
 - Level 3.2 Shields


You had 6 spell levels left.
You didn't know any spells.
Your spell library was empty.

Inventory:

Hand Weapons
 b - a +0 morningstar
 Y - a +0 war axe (weapon)
Missiles
 a - 6 silver boomerangs
 o - a silver javelin (quivered)
 q - a boomerang
Armour
 c - a +0 buckler (worn)
 e - a +0 helmet (worn)
 f - a +0 ring mail of fire resistance
 m - a +0 chain mail (worn)
Jewellery
 g - a ring of positive energy (left hand)
 r - a ring of see invisible
Scrolls
 k - 2 scrolls of teleportation
 l - a scroll of identify
 n - a scroll of summoning {unknown}
Potions
 d - 2 potions of might
 h - a potion of berserk rage {unknown}
 i - a potion of haste {unknown}
 j - a potion of enlightenment {unknown}
 p - a potion of curing {unknown}

Dungeon Overview and Level Annotations

Branches:
Dungeon (5/15)
 Temple: D:4-7

Altars:
Fedhas
Hepliaklqana
Vehumet
The Shining One

Shops:
D:2 :

Annotations:
D:4 1 runed translucent door, Crazy Yiuf
D:5 Prince Ribbit


Message History

k - 3 scrolls of teleportation (gained 1)
o - 4 silver javelins (gained 1)
r - a ring of see invisible
Enter note:
Enter note:
Enter note: Prince Ribbit comes into view.
Prince Ribbit gives a loud, deep croak!
Enter note:
Enter note:
Enter note: You throw a silver javelin.
The silver javelin misses Prince Ribbit.
You miss Prince Ribbit. You block Prince Ribbit's attack.
You barely miss Prince Ribbit. Prince Ribbit barely misses you.
Prince Ribbit hits you.
You miss Prince Ribbit.
Prince Ribbit blinks!
You throw a silver javelin.
The silver javelin barely misses Prince Ribbit.
Prince Ribbit closely misses you. Prince Ribbit hits you.
You slash Prince Ribbit!
Prince Ribbit is moderately wounded.
Prince Ribbit hits you!
You closely miss Prince Ribbit.
Prince Ribbit is moderately wounded.
Prince Ribbit blinks! x2
You throw a silver javelin.
The silver javelin closely misses Prince Ribbit.
Prince Ribbit hits you!
You slash Prince Ribbit!
Prince Ribbit is severely wounded.
Prince Ribbit hops awkwardly around.
Prince Ribbit hits you!
4016 ||| READING 3 scrolls of teleportation.
As you read the scroll of teleportation, it crumbles to dust.
You feel strangely unstable. Prince Ribbit barely misses you.
Prince Ribbit hits you!
You die...

#########
....((F.#
#@# #.# #.#
#.# #.# #.#
#.# #(#
#########.#


You could see Prince Ribbit.

Vanquished Creatures
  Menkaure (D:5)
  An ice beast (D:5)
  A phantom (D:4)
  2 jellies (D:5)
  An orc priest (D:4)
  A hound (D:5)
  A sleepcap (D:5)
  2 orc wizards (D:5)
  Natasha (twice) (D:2)
  2 iguanas (D:5)
  Robin (D:1)
  7 gnolls (D:3)
  7 adders
  An ufetubus (D:5)
  2 worms
  2 dart slugs
  12 orcs
  4 ball pythons
  4 endoplasms
  18 goblins
  4 hobgoblins
  5 quokkas
  8 bats
  4 frilled lizards
  3 kobolds
  2 rats
  A spectral orc (D:4)
99 creatures vanquished.

Notes
Turn   | Place    | Note
-------+----------+-------------------------------------------
     0 | D:1      | qw the Gargoyle Fighter began the quest for the Orb.
     0 | D:1      | Reached XP level 1. HP: 14/14 MP: 1/1
     0 | D:1      | 0 ||| qw: Version: 0.2-a-29-g1fa15c8
     0 | D:1      | 0 ||| qw: Game counter: 4873
     0 | D:1      | 0 ||| qw: Always use a shield: true
     0 | D:1      | 0 ||| qw: God list: Okawaru
     0 | D:1      | 0 ||| qw: Allow faded altars: false
     0 | D:1      | 0 ||| qw: Do Orc after D:15 true
     0 | D:1      | 0 ||| qw: Do second Lair branch before Depths: true
     0 | D:1      | 0 ||| qw: Lair rune preference: random
     0 | D:1      | 0 ||| qw: Plans: Normal, Zot:1-4, Slime:5, God:TSO, Crypt,
                  | Tomb, Abyss, Pan, Hells, Win
     0 | D:1      | 0 ||| PLANNING D:1-11
    86 | D:1      | Reached skill level 2 in Axes
   177 | D:1      | Found a faded altar of an unknown god.
   389 | D:1      | Reached XP level 2. HP: 19/19 MP: 2/2
   749 | D:1      | 749 ||| READING scroll labelled KEROFY DIBBU.
   750 | D:1      | 750 ||| READING scroll labelled KICROF LUODEE.
   753 | D:1      | 753 ||| READING scroll labelled PAUSTU WUAPS.
   773 | D:2      | Noticed Robin
   775 | D:2      | 775 ||| STAIRDANCE
   806 | D:2      | 806 ||| STAIRDANCE
   814 | D:1      | Reached skill level 3 in Axes
   815 | D:1      | HP: 4/19 [kobold/+0 whip (3)]
   891 | D:1      | 891 ||| DROPPING +0 club.
   903 | D:2      | 903 ||| STAIRDANCE
   905 | D:1      | Killed Robin
   906 | D:1      | Reached XP level 3. HP: 22/23 MP: 3/3
   910 | D:1      | 910 ||| UPGRADING to +0 helmet.
  1249 | D:2      | Reached XP level 4. HP: 28/28 MP: 4/4
  1336 | D:2      | Noticed Natasha
  1337 | D:2      | 1337 ||| Stepping ~*~*~tactically~*~*~ (stealth).
  1343 | D:2      | Killed Natasha
  1344 | D:2      | Reached skill level 4 in Axes
  1451 | D:2      | Noticed Natasha
  1452 | D:2      | 1452 ||| Stepping ~*~*~tactically~*~*~ (stealth).
  1454 | D:2      | 1454 ||| Stepping ~*~*~tactically~*~*~ (hiding).
  1455 | D:2      | 1455 ||| Stepping ~*~*~tactically~*~*~ (hiding).
  1470 | D:2      | HP: 5/28 [Natasha (6)]
  1471 | D:2      | 1471 ||| READING 2 scrolls of teleportation.
  1473 | D:2      | Killed Natasha
  1474 | D:2      | Reached XP level 5. HP: 7/32 MP: 5/5
  1616 | D:2      | 1616 ||| DROPPING +0 whip.
  1638 | D:2      | Found Hyhevet's Book Shop.
  1744 | D:2      | 1744 ||| UPGRADING to +0 ring mail of fire resistance.
  1754 | D:2      | 1754 ||| UPGRADING to ring of positive energy.
  1755 | D:2      | 1755 ||| READING scroll labelled UQEBUQ OTUMA.
  1875 | D:3      | Found a glowing golden altar of the Shining One.
  1968 | D:3      | 1968 ||| Stepping ~*~*~tactically~*~*~ (stealth).
  1976 | D:3      | Reached skill level 5 in Axes
  2038 | D:3      | Reached skill level 1 in Throwing
  2040 | D:3      | Found a blossoming altar of Fedhas.
  2105 | D:3      | HP: 8/32 [gnoll/+0 spear (6)]
  2106 | D:3      | 2106 ||| READING scroll of teleportation.
  2108 | D:3      | HP: 2/32 [gnoll/+0 spear (2)]
  2114 | D:3      | 2114 ||| Stepping ~*~*~tactically~*~*~ (stealth).
  2119 | D:3      | HP: 1/32 [orc/+0 hand axe (5)]
  2244 | D:3      | 2244 ||| DROPPING +1 whip of holy wrath.
  2314 | D:3      | 2314 ||| Stepping ~*~*~tactically~*~*~ (hiding).
  2320 | D:3      | Reached skill level 1 in Dodging
  2326 | D:3      | 2326 ||| Stepping ~*~*~tactically~*~*~ (stealth).
  2327 | D:3      | 2327 ||| Stepping ~*~*~tactically~*~*~ (stealth).
  2346 | D:3      | 2346 ||| Stepping ~*~*~tactically~*~*~ (hiding).
  2459 | D:3      | Reached XP level 6. HP: 37/37 MP: 6/6
  2468 | D:3      | 2468 ||| Stepping ~*~*~tactically~*~*~ (stealth).
  2517 | D:3      | 2517 ||| Stepping ~*~*~tactically~*~*~ (stealth).
  2602 | D:3      | 2602 ||| Stepping ~*~*~tactically~*~*~ (hiding).
  2603 | D:3      | 2603 ||| Stepping ~*~*~tactically~*~*~ (hiding).
  2734 | D:3      | 2734 ||| DROPPING +0 scale mail.
  2735 | D:3      | 2735 ||| UPGRADING to +0 chain mail.
  2745 | D:3      | 2745 ||| READING scroll labelled SELOABU QIUTE.
  2931 | D:4      | 2931 ||| DROPPING +0 flail.
  3007 | D:4      | 3007 ||| Stepping ~*~*~tactically~*~*~ (stealth).
  3075 | D:4      | 3075 ||| READING scroll labelled HOTUOMU CIB PAAT.
  3076 | D:4      | 3076 ||| READING scroll labelled QIACSUYCAU.
  3084 | D:4      | 3084 ||| STAIRDANCE
  3085 | D:3      | Found a radiant altar of Vehumet.
  3169 | D:4      | Found a runed translucent door.
  3170 | D:4      | Noticed Crazy Yiuf
  3224 | D:4      | Found a hazy altar of Hepliaklqana.
  3429 | D:4      | 3429 ||| READING scroll labelled HYPAGU TYESIJEINI.
  3510 | D:5      | Entered Level 5 of the Dungeon
  3529 | D:5      | Reached skill level 6 in Axes
  3529 | D:5      | Reached XP level 7. HP: 43/43 MP: 7/7
  3565 | D:5      | 3565 ||| Stepping ~*~*~tactically~*~*~ (hiding).
  3789 | D:5      | Noticed Menkaure
  3796 | D:5      | Killed Menkaure
  3826 | D:5      | 3826 ||| Stepping ~*~*~tactically~*~*~ (stealth).
  3827 | D:5      | 3827 ||| Stepping ~*~*~tactically~*~*~ (stealth).
  3861 | D:5      | Reached skill level 7 in Axes
  4006 | D:5      | Noticed Prince Ribbit
  4015 | D:5      | HP: 5/43 [Prince Ribbit (7)]
  4016 | D:5      | 4016 ||| READING 3 scrolls of teleportation.
  4016 | D:5      | Mangled by Prince Ribbit

Levels and vault maps discovered:
D:1:      heliophobic_arrival_dark_side_of_the_moon, layout_basic,
          shapermc_ecumenical_altar_venn, hangedman_decor_growths
D:2:      layout_loops_cross, serial_shops, nicolae_shop_real_fake_doors,
          kennysheep_generic_room_14, uniq_robin, uniq_natasha
D:3:      layout_loops_cross, mainiacjoe_overflow_tiny_flanked,
          nicolae_overflow_hidden_temple
D:4:      layout_rooms, nicolae_hepliaklqana_monster_ancestors,
          uniq_crazy_yiuf_cottage
D:5:      layout_loops_ring, uniq_grinder, uniq_menkaure, uniq_prince_ribbit1,
          uniq_edmund

Skill      XL: |  1  2  3  4  5  6  7 |
---------------+----------------------+-----
Axes           | 2 3 4 5 6 7 |  7.3
Throwing       | 1 2 |  2.2
Dodging        | 1 |  1.0
Fighting       | 4 |  4.0
Armour         | |  3.2
Shields        | |  3.2

Action                     |  1- 3 |  4- 6 |  7- 9 || total
---------------------------+-------+-------+-------++-------
  Melee: War axe           |    76 |   186 |    80 ||   342
  Throw: Boomerang         |       |    20 |     6 ||    26
         Javelin           |       |    16 |    17 ||    33
    Use: Scroll            |     3 |     7 |     1 ||    11
 Armour: Scale mail        |    52 |    32 |       ||    84
         Ring mail         |       |    40 |       ||    40
         Chain mail        |       |    23 |    44 ||    67
  Dodge: Dodged            |    47 |    82 |    38 ||   167
  Block: Buckler           |    11 |    37 |    19 ||    67

Table legend:
 A = Non-vault XP
 B = Vault XP
 C = Vault XP percentage of total XP
 D = Non-vault monster count
 E = Vault monster count
 F = Vault count percentage of total count
                 A         B        C        D         E       F
            +---------+---------+-------+---------+---------+-------
      Total |     942 |     244 |  20.6 |      84 |      15 |  15.2
            +---------+---------+-------+---------+---------+-------
        D:1 |      14 |      33 |  70.2 |       9 |      11 |  55.0
        D:2 |     100 |      35 |  25.9 |      19 |       1 |   5.0
        D:3 |     185 |       0 |   0.0 |      30 |       0 |   0.0
        D:4 |     171 |       4 |   2.3 |      11 |       2 |  15.4
        D:5 |     472 |     172 |  26.7 |      15 |       1 |   6.2
            +---------+---------+-------+---------+---------+-------
